Map: Dusk Towers

Players

Believe

  • Race: Protoss Protoss
  • League: Grandmaster

EJK - Winner!

  • Race: Terran Terran
  • League: Master

VOD

Have the link to the VOD?

Description

Time

  • Played on: June 18, 2016, 8:37 p.m.
  • Length: 19:05
Show
View Real Time Build Order
Export as new Build Order

Believe Protoss 

Build Orders: 1 Gate Expand, Blink Stalkers 

Get SALT Encoding   

  12  0:01  Probe (Chrono Boost)  
  13  0:11  Probe (Chrono Boost)  
  14  0:18  Pylon  
  14  0:22  Probe (Chrono Boost)  
  15  0:36  Probe (Chrono Boost)  
  15  0:38  Gateway  
  16  0:47  Probe (Chrono Boost)  
  17  0:54  Assimilator  
  17  0:57  Probe (Chrono Boost)  
  18  1:08  Probe (Chrono Boost)  
  19  1:20  Nexus  
  19  1:29  Cybernetics Core  
  19  1:33  Probe (Chrono Boost)  
  19  1:39  Assimilator  
  20  1:43  Probe (Chrono Boost)  
  21  1:48  Pylon  
  22  1:54  Probe (Chrono Boost)  
  22  2:04  Probe (Chrono Boost)  
  23  2:11  Adept (Chrono Boost)  
  23  2:12  Warp Gate  
  25  2:15  Probe  
  26  2:28  Probe  
  27  2:35  Robotics Facility  
  27  2:37  Probe (Chrono Boost)  
  27  2:40  Mothership Core (Chrono Boost)  
  30  2:48  Probe (Chrono Boost)  
  31  2:52  Pylon  
  31  2:59  Probe x2 (Chrono Boost)  
  33  3:09  Probe x2 (Chrono Boost)  
  33  3:11  Twilight Council  
  35  3:19  Probe (Chrono Boost)  
  36  3:20  Probe (Chrono Boost)  
  36  3:25  Observer (Chrono Boost)  
  38  3:29  Probe  
  38  3:31  Probe  
  40  3:39  Probe  
  41  3:43  Probe, Observer (Chrono Boost)  
  41  3:46  Nexus  
  43  3:50  Pylon  
  43  3:52  Probe, Blink (Chrono Boost)  
  43  3:55  Probe  
  45  4:00  Assimilator  
  45  4:03  Probe, Pylon  
  45  4:07  Probe  
  45  4:09  Observer  
  48  4:13  Probe, Gateway  
  48  4:15  Gateway  
  49  4:19  Probe  
  49  4:22  Assimilator  
  49  4:24  Probe  
  51  4:31  Probe  
  51  4:32  Observer  
  51  4:34  Probe  
  54  4:43  Probe  
  54  4:44  Pylon  
  54  4:45  Probe  
  56  4:55  Probe  
  56  4:56  Probe x2  
  59  5:03  Forge x2  
  59  5:04  Warp Prism  
  59  5:05  Pylon  
  59  5:06  Probe  
  61  5:08  Probe  
  61  5:10  Stalker x2  
  61  5:13  Probe, Stalker  
  69  5:16  Probe  
  69  5:20  Probe  
  72  5:23  Pylon  
  72  5:25  Probe  
  73  5:34  Stalker x2  
  77  5:37  Resonating Glaives (Chrono Boost)  
  75  5:42  Stalker  
  75  5:45  Mothership Core  
  75  5:46  Probe  
  80  5:54  Protoss Ground Armor Level 1 (Chrono Boost), Protoss Ground Weapons Level 1 (Chrono Boost)  
  80  5:59  Adept x2  
  80  6:03  Probe  
  81  6:07  Probe  
  81  6:09  Probe  
  74  6:15  Probe (Chrono Boost)  
  71  6:20  Probe (Chrono Boost)  
  71  6:21  Probe (Chrono Boost)  
  73  6:26  Probe (Chrono Boost)  
  73  6:31  Probe (Chrono Boost)  
  73  6:32  Probe (Chrono Boost)  
  76  6:34  Gateway  
  76  6:37  Probe (Chrono Boost)  
  76  6:39  Gateway x3  
  77  6:40  Gateway  
  78  6:47  Probe x2 (Chrono Boost)  
  78  6:48  Stalker  
  78  6:49  Stalker x2  
  78  6:50  Probe (Chrono Boost)  
  86  6:54  Pylon  
  86  6:55  Pylon  
  86  6:57  Assimilator, Probe (Chrono Boost)  
  86  6:59  Immortal  
  91  7:01  Assimilator  
  91  7:02  Stargate  
  91  7:04  Probe (Chrono Boost)  
  92  7:10  Probe (Chrono Boost)  
  92  7:12  Probe (Chrono Boost)  
  94  7:15  Pylon  
  94  7:21  Charge  
  94  7:26  Pylon, Mothership Core (Chrono Boost)  
  95  7:31  Pylon  
  95  7:33  Probe (Chrono Boost)  
  95  7:34  Protoss Ground Armor Level 2 (Chrono Boost)  
  96  7:38  Sentry, Adept x3  
  96  7:39  Adept x4  
  112  7:49  Protoss Ground Weapons Level 2 (Chrono Boost)  
  112  7:54  Phoenix (Chrono Boost)  
  114  7:59  Fleet Beacon  
  111  8:11  Probe  
  110  8:14  Stalker x3  
  110  8:17  Probe  
  117  8:20  Nexus  
  117  8:22  Probe  
  117  8:25  Probe  
  118  8:32  Probe  
  118  8:37  Stargate  
  118  8:44  Probe  
  119  8:55  Pylon  
  119  8:58  Tempest (Chrono Boost)  
  123  9:04  Pylon  
  123  9:06  Pylon  
  123  9:09  Immortal  
  127  9:10  Pylon  
  127  9:14  Nexus, Stalker x4  
  127  9:15  Pylon  
  135  9:22  Tempest (Chrono Boost)  
  139  9:36  Tempest (Chrono Boost)  
  143  9:46  Adept x4  
  143  9:47  Adept x4  
  159  9:54  Pylon  
  159  9:57  Pylon  
  159  10:03  Gateway  
  159  10:04  Gateway  
  159  10:06  Gateway  
  159  10:08  Gateway  
  159  10:16  Tempest (Chrono Boost)  
  159  10:17  Tempest (Chrono Boost)  
  159  10:20  Protoss Ground Armor Level 3 (Chrono Boost)  
  166  10:26  Protoss Ground Weapons Level 3 (Chrono Boost)  
  160  10:52  Adept x4  
  160  10:53  Adept x4  
  164  11:12  Adept  
  164  11:13  Adept x6  
  164  11:14  Adept  
  164  11:16  Assimilator  
  164  11:18  Assimilator, Pylon  
  178  11:22  Oracle (Chrono Boost)  
  178  11:25  Tempest (Chrono Boost)  
  183  11:27  Probe  
  154  11:43  Adept x6  
  154  11:44  Adept x3  
  154  11:45  Adept  
  140  11:49  Stalker  
  140  11:50  Stalker  
  140  11:59  Probe  
  140  12:00  Probe  
  140  12:01  Probe  
  142  12:02  Probe  
  142  12:08  Templar Archives  
  144  12:12  Sentry x2  
  144  12:13  Stalker x3  
  144  12:14  Stalker  
  156  12:18  Stalker  
  156  12:20  Probe  
  158  12:37  Psionic Storm  
  158  12:56  Photon Cannon  
  158  12:57  Nexus  
  157  12:59  Photon Cannon  
  157  13:01  Adept x5  
  157  13:03  Tempest  
  170  13:13  High Templar x2  
  170  13:14  High Templar x2  
  170  13:16  High Templar  
  170  13:17  High Templar  
  182  13:21  Pylon  
  182  13:32  Probe x2  
  184  13:49  Tempest  
  184  13:55  Tempest  
  192  13:59  High Templar x2, Photon Cannon  
  192  14:00  Zealot x3  
  192  14:01  Photon Cannon  
  200  14:04  Archon  
  157  14:19  Adept x5  
  157  14:20  Adept x2  
  159  14:25  Archon  
  159  14:27  Adept x3  
  160  14:44  Adept  
  160  14:45  Adept x4  
  143  14:46  Adept x2  
  138  14:55  Pylon  
  138  14:57  Pylon  
  122  15:00  Archon  
  122  15:07  Pylon  
  122  15:08  Probe x3  
  122  15:09  Probe  
  126  15:14  High Templar x2  
  126  15:15  High Templar x2  
  126  15:18  Probe  
  126  15:20  Probe  
  126  15:21  Probe  
  137  15:24  Probe  
  137  15:26  Adept  
  137  15:27  Adept x4  
  130  15:50  Probe  
  130  15:53  Adept x4  
  130  15:54  Adept x2  
  116  16:05  Adept x2  
  118  16:31  Probe, Zealot x4  
  115  16:58  Adept x3  
  121  17:05  Probe  
  120  17:18  Probe  
  120  17:20  Probe  
  122  17:29  Probe  
  122  17:32  Probe  
  98  18:04  Adept x3  
  98  18:05  Adept x4  
Show
View Real Time Build Order
Export as new Build Order

EJK Terran - Winner!

Build Orders: Command Center First (CC), MMM Bio 

Get SALT Encoding   

  12  0:00  SCV  
  13  0:12  SCV  
  14  0:17  Supply Depot  
  14  0:25  SCV  
  15  0:38  SCV  
  16  0:50  SCV  
  17  0:59  Command Center  
  17  1:03  SCV  
  18  1:12  Barracks  
  18  1:16  SCV  
  19  1:26  Barracks  
  19  1:28  SCV  
  20  1:41  SCV  
  20  1:44  Barracks  
  21  1:53  SCV  
  22  2:01  Marine  
  23  2:12  Orbital Command x2  
  23  2:16  Marine  
  23  2:18  Marine  
  25  2:31  Refinery x2  
  25  2:36  Marine x3  
  28  2:38  SCV  
  28  2:39  SCV  
  30  2:49  Supply Depot  
  30  2:51  SCV x2  
  31  2:55  Marine x3  
  35  3:03  SCV x2  
  37  3:06  Engineering Bay  
  37  3:13  Marine x2  
  37  3:14  Reaper  
  37  3:16  SCV x2  
  42  3:21  Supply Depot  
  42  3:28  SCV  
  42  3:29  SCV  
  44  3:34  Missile Turret  
  44  3:36  Barracks Tech Lab, Barracks Reactor  
  44  3:41  Terran Infantry Weapons Level 1, SCV x2  
  46  3:46  Supply Depot  
  46  3:50  Marine  
  46  3:53  SCV x2  
  46  3:54  Marine  
  46  3:55  Refinery  
  50  4:05  SCV x2  
  50  4:09  Marine  
  53  4:12  Marauder  
  53  4:14  Marine x2  
  57  4:18  Concussive Shells  
  57  4:20  Factory  
  57  4:24  SCV x2  
  59  4:25  Supply Depot  
  59  4:27  Marine  
  60  4:31  Marine x2  
  60  4:34  Supply Depot  
  62  4:46  SCV x2  
  62  4:47  Marauder  
  66  4:54  Marine  
  66  4:55  Marine x2  
  69  5:01  Stimpack, Supply Depot  
  69  5:02  SCV x2  
  69  5:05  Command Center  
  69  5:06  Starport  
  69  5:07  Factory Reactor  
  71  5:08  Marauder  
  71  5:09  Refinery  
  73  5:21  Barracks Tech Lab  
  73  5:23  SCV x2  
  73  5:24  Supply Depot  
  73  5:25  Marine x2  
  77  5:31  Barracks  
  77  5:35  Barracks  
  77  5:40  Marauder  
  77  5:42  Marine x2  
  74  5:45  SCV  
  74  5:46  SCV  
  77  5:54  Terran Infantry Armor Level 1  
  77  5:55  Supply Depot  
  77  5:58  SCV x2  
  77  6:04  Marauder  
  75  6:09  Liberator x2  
  70  6:12  SCV x2  
  70  6:14  Marauder, Marine x2  
  72  6:24  Barracks Tech Lab, SCV  
  72  6:25  Barracks Reactor, Marauder  
  78  6:33  SCV  
  78  6:35  Marauder, Marine x2  
  78  6:36  Combat Shields, SCV  
  84  6:42  Orbital Command  
  84  6:46  Marauder  
  84  6:47  SCV  
  87  6:48  SCV, Bunker  
  87  6:51  Missile Turret  
  88  6:56  Marauder, Marine x2  
  88  6:57  Marauder  
  88  6:59  SCV  
  88  7:01  SCV  
  96  7:02  Marine x2  
  96  7:07  Armory, Bunker  
  96  7:08  SCV, Marauder  
  100  7:09  Medivac  
  100  7:10  Medivac  
  100  7:11  SCV  
  106  7:19  Refinery x2, Missile Turret  
  106  7:22  SCV x2  
  108  7:23  SCV, Missile Turret  
  108  7:24  Supply Depot  
  108  7:27  Marine x3  
  108  7:28  Marine  
  108  7:29  Engineering Bay  
  113  7:30  Marine  
  113  7:32  Marine  
  113  7:34  Marine  
  113  7:35  Supply Depot  
  115  7:41  Medivac  
  117  7:45  Medivac  
  117  7:46  Widow Mine  
  121  7:52  Supply Depot  
  121  7:55  Marauder x2  
  121  7:56  Marine x2  
  121  7:57  Marauder, Liberator, Marine x2  
  121  7:58  Liberator  
  131  8:12  Terran Infantry Weapons Level 2, Supply Depot  
  131  8:14  Terran Infantry Armor Level 2  
  131  8:15  Widow Mine  
  129  8:32  Marauder x2  
  129  8:34  Command Center  
  133  8:37  Supply Depot  
  133  8:38  Supply Depot, Marine  
  133  8:39  Marine  
  132  8:57  Factory Reactor, Medivac  
  132  8:58  Terran Ship Weapons Level 1, Medivac  
  132  8:59  Marauder x2  
  132  9:00  Marauder, Marine x2  
  132  9:02  Starport, Marine  
  144  9:03  Supply Depot  
  145  9:13  Supply Depot  
  145  9:16  Supply Depot  
  145  9:17  Liberator, Marine  
  145  9:18  Liberator, Marine x2  
  145  9:20  Marauder x2, Marine  
  145  9:22  Marauder  
  155  9:37  Liberator x2  
  161  9:39  Marine x4  
  161  9:41  Marauder x2  
  161  9:43  Marauder  
  171  9:47  Barracks  
  171  9:48  Barracks  
  171  9:50  Barracks  
  171  9:57  Sensor Tower  
  171  9:59  Marine x4  
  181  10:03  Marauder x2  
  185  10:14  Planetary Fortress  
  185  10:16  Liberator x2  
  185  10:19  Marauder, Marine x4  
  185  10:20  Liberator  
  191  10:24  Marauder  
  191  10:48  Marauder x2  
  191  10:49  Marauder  
  189  10:50  Marine x4  
  182  10:58  Terran Infantry Weapons Level 3  
  182  11:01  Terran Infantry Armor Level 3  
  177  11:05  Barracks Tech Lab  
  177  11:06  Barracks Tech Lab, Barracks Reactor  
  177  11:10  Marauder x2  
  177  11:11  Marauder, Marine x2  
  175  11:12  Marine x2  
  177  11:20  Refinery x2  
  177  11:24  Terran Ship Weapons Level 2  
  170  11:38  Marauder x2, Marine  
  170  11:39  Marine x3  
  145  11:40  Viking x3  
  142  11:47  Marine x3  
  142  11:48  Viking  
  142  11:50  Marine  
  148  11:57  Command Center  
  148  11:58  Marine x5  
  148  11:59  Marine x2  
  155  12:05  Marine x2  
  158  12:10  Medivac, Viking  
  162  12:16  Medivac  
  162  12:19  Marauder, Marine  
  162  12:20  Marine x7  
  162  12:21  Medivac  
  162  12:22  Marine  
  175  12:23  Marine  
  177  12:31  Missile Turret  
  177  12:40  Marine x4  
  177  12:41  Marine x2  
  177  12:42  Marine x2  
  185  12:45  Ghost Academy  
  185  12:52  Medivac x2  
  185  12:54  Medivac, Viking  
  185  12:55  Marine  
  185  12:56  Marine x2  
  185  12:58  Marine  
  193  13:12  Marauder x2  
  195  13:14  Marauder x2  
  199  13:29  Personal Cloaking  
  199  13:37  Sensor Tower  
  199  13:55  Command Center, Barracks  
  199  13:56  Barracks x2  
  199  14:07  Marauder  
  199  14:09  Marine x2  
  199  14:10  Marine  
  199  14:14  Marine x2  
  173  14:17  Marine x2  
  173  14:19  Marauder x2  
  169  14:29  Medivac x2, Viking x2  
  175  14:31  Marauder  
  175  14:32  Marauder  
  175  14:34  Marine x4  
  175  14:35  Marine x2  
  175  14:36  Marauder  
  182  14:41  Marauder  
  169  14:54  Marine x5  
  143  15:08  Medivac x2, Viking x2  
  143  15:09  Marauder x3  
  143  15:10  Barracks Tech Lab, Barracks Reactor, Marauder x2  
  143  15:11  Orbital Command  
  143  15:12  Marine  
  161  15:30  Ghost x2  
  163  15:40  Marine x3  
  163  15:41  Marine  
  167  15:45  Viking x3  
  167  15:49  Ghost  
  140  16:10  Marauder x3  
  140  16:11  Marauder, Marine x2  
  135  16:12  Marine x5  
  136  16:20  Planetary Fortress, Liberator x2  
  136  16:24  Medivac  
  136  16:25  Medivac  
  140  16:31  Ghost  
  142  16:37  Liberator  
  148  16:41  Liberator  
  148  16:42  Marauder  
  150  16:50  Marauder x2  
  149  16:55  Marine x3  
  149  16:56  Marine x2  
  158  17:03  Liberator x2  
  158  17:06  Marauder x2  
  158  17:11  Marauder  
  158  17:12  Marauder  
  158  17:14  Marine x3  
  165  17:16  Marine x2  
  165  17:17  Marine  
  173  17:30  Ghost  
  173  17:32  Command Center  
  173  17:33  Marauder x3  
  179  17:42  Marauder  
  178  17:47  Marauder  
  178  17:54  Marine  
  178  17:55  Marauder x2  
  178  17:58  Marauder, Marine x2  
  181  17:59  Marauder  
  181  18:03  Marauder  
  170  18:07  Orbital Command, Marine x2  
  170  18:08  Marauder, Marine x3  
  170  18:09  Medivac x3  
  170  18:12  Marine  
  179  18:16  Marauder x2, Marine x2  
  179  18:18  Marine  
  187  18:21  Command Center  
  185  18:36  Marauder x3, Marine x3  
  185  18:37  Marauder, Marine x2  
Tags
 
Add a new tag
Caveats
  • Supply blocks, unpowered buildings, or Contaminate may cause inaccurate times.
  • Supply counts are checked every 10 seconds.